 Dungeon Crawl Stone Soup version 0.31.0-11-ge490571c62 (webtiles) character file.

Game seed: 13321362073543485807

2 RancidPinata the Sneak (level 1, -1/16 HPs)
             Began as an Octopode Delver on Jan 31, 2024.
             Slain by a yak (17 damage)
             ... on level 10 of the Dungeon.
             The game lasted 00:02:40 (395 turns).

RancidPinata the Sneak (Octopode Delver)             Turns: 395, Time: 00:02:40

Health: -1/16      AC:  1    Str: 11    XL:     1   Next: 30%
Magic:  1/1        EV: 13    Int: 12    God:
Gold:   37         SH:  0    Dex: 13    Spells: 0/0 levels left

rFire   . . .        a - +0 short sword
rCold   . . .        (no shield)
rNeg    . . .        (helmet restricted)
rPois   .            (no amulet)
rElec   .            (no ring)
rCorr   .            (no ring)
SInv    .            (no ring)
Will    .....        (no ring)
Stlth   ++++         (no ring)
HPRegen 0.22/turn    (no ring)
MPRegen 0.07/turn    (no ring)
                     (no ring)

%: no passive effects
@: no status effects
A: almost no armour, amphibious, 8 rings, camouflage 1, gelatinous body 1,
(nimble swimmer 1), tentacles
a: no special abilities


You were on level 10 of the Dungeon.
You visited 1 branch of the dungeon, and saw 6 of its levels.

You collected 37 gold pieces.

Inventory:

Hand Weapons
 a - a +0 short sword (weapon)
 k - a +1 trident of protection
Wands
 f - a wand of digging (3)
 m - a wand of paralysis (5)
Scrolls
 b - a scroll of fog
 c - a scroll of revelation
 d - a scroll of fear
 h - a scroll of amnesia {unknown}
 i - a scroll of identify {unknown}
Potions
 e - a potion of haste
 g - a potion of heal wounds {unknown}
 j - a potion of curing {unknown}
 l - a potion of resistance {unknown}


   Skills:
 * Level 3.0 Fighting
 + Level 2.0 Short Blades
 * Level 2.0 Dodging
 * Level 6.6 Stealth


You couldn't memorise any spells.
You didn't know any spells.
Your spell library was empty.

Dungeon Overview and Level Annotations

Branches:
Dungeon (10/15)
 Temple: D:4-7         Lair: D:8-11         Orc: D:9-12

Altars:


Innate Abilities, Weirdness & Mutations

You cannot wear most types of armour.
You are amphibious.
You can wear up to eight rings at the same time.
Your skin changes colour to match your surroundings (Stealth+).
Your rubbery body absorbs attacks. (AC +1, EV +1)
((You are camouflaged when in or above water. (Stealth+)))
You have tentacles for arms and can constrict up to eight enemies at once.


Message History

Found a scale mail.
You see here a +0 scale mail.
Found a stone staircase leading up.
There is a stone staircase leading up here.
You climb upwards.
There is a stone staircase leading down here.
You climb downwards.
There is a stone staircase leading up here.
Found 17 gold pieces.
Found a stone staircase leading down.
You now have 37 gold pieces (gained 17).
Found a lumpy clear potion.
Found a leather armour.
l - a lumpy clear potion
There is a stone staircase leading down here.
You climb downwards.
There is a stone staircase leading up here.
You climb upwards.
There is a stone staircase leading down here. 2 slime creatures come into view.
A slime creature comes into view.
The slime creature moves out of view. x2
There is a stone staircase leading down here.
Found a leather armour.
Found a glowing copper wand.
Found a trident.
You see here a +0 leather armour.
m - a wand of paralysis (5)
A slime creature comes into view.
The slime creature moves out of view.
You open the door.
Found a robe.
There is an open door here.
You open the door.
There is an open door here.
There is a stone staircase leading down here.
You climb downwards.
A hornet comes into view.
The yak gores you!
Ouch! That really hurt!
You die...

.. #. #. ... #.
#.# ##. #.# ..
... ###
#.##.#.###
...Y.#..Y.....#
....Y..@#
.Y...#Y.# ###
#.... .......
##.##.... #y
#.##.# # #.. ..
... .#


You could see 5 yaks and a hornet (wandering).

Vanquished Creatures
  An orc (D:6)
1 creature vanquished.

Notes
Turn   | Place    | Note
-------+----------+-------------------------------------------
     0 | D:5      | RancidPinata the Octopode Delver began the quest for the
                  | Orb.
     0 | D:5      | Reached XP level 1. HP: 16/16 MP: 1/1
    38 | D:7      | Noticed a kobold brigand
   106 | D:8      | Noticed a sky beast
   171 | D:10     | Entered Level 10 of the Dungeon
   171 | D:10     | Noticed a wyvern
   171 | D:10     | Noticed a yak
   171 | D:10     | Noticed a yak
   171 | D:10     | Noticed a yak
   171 | D:10     | Noticed a yak
   172 | D:10     | Noticed a yak
   194 | D:9      | Noticed a yak
   194 | D:9      | Noticed a yak
   194 | D:9      | Noticed a yak
   211 | D:9      | Noticed an orc wizard
   211 | D:9      | Noticed an orc wizard
   251 | D:8      | Noticed an ice beast
   284 | D:10     | Noticed a shadow
   284 | D:10     | Noticed a yak
   290 | D:9      | Noticed a slime creature
   290 | D:9      | Noticed a slime creature
   290 | D:9      | Noticed a slime creature
   339 | D:9      | Noticed a slime creature
   395 | D:10     | Noticed a hornet
   395 | D:10     | Slain by a yak

Illustrated notes

Levels and vault maps discovered:
D:5:      layout_cave_pods, nemelex_xobeh_ov_fountains_minmay,
          ashenzari_conservatory_becter, minivault_11,
          nicolae_concentric_dashed_squares_wild
D:6:      layout_cave_pods, minmay_temple_entry_glass, serial_shops, shop
D:7:      layout_loops_cross, mainiacjoe_overflow_concentric_impassable,
          serial_shops, nicolae_shop_gaudy_bauble,
          nicolae_twisty_statue_hallways
D:8:      layout_loops_corners, serial_shops, nicolae_shop_rolled_up,
          kennysheep_decorative_pillar
D:9:      layout_basic, okawaru_humans, uniq_maggie
D:10:     layout_loops_cross, hiddenorc2_lemuel, gammafunk_ghost_necromancy,
          uniq_urug

Action                     || total
---------------------------++-------
  Melee: Short sword       ||     2
         Constrict         ||     1
 Armour: Skin              ||     1
  Dodge: Dodged            ||     2
